 Dungeon Crawl Stone Soup version 0.30-a0-1035-g38d5fb2972 (webtiles) character file.

Game seed: 17009377839179637974

647 Anon1729 the Trooper (level 7, -10/91 HPs)
             Began as a Minotaur Monk on Apr 8, 2023.
             Killed by divine providence
             ... invoked by an orc priest
              (12 damage)
             ... on level 5 of the Dungeon.
             The game lasted 00:04:37 (4047 turns).

Anon1729 the Trooper (Minotaur Monk)                Turns: 4047, Time: 00:04:38

Health: -10/91     AC: 23    Str: 15 (17) XL:     7   Next: 27%
Magic:  6/6        EV:  2    Int:  5 (7)  God:
Gold:   257        SH:  0    Dex: 10 (13) Spells: 6/6 levels left

rFire   . . .      SeeInvis .    a - +0 hand axe
rCold   . . .      Faith    .    (no shield)
rNeg    . . .      Spirit   .    t - melded +0 chain mail
rPois   +          Reflect  .    (helmet currently unavailable)
rElec   .          Rampage  .    (cloak currently unavailable)
rCorr   .          NoTele   +    (gloves currently unavailable)
Will    +....                    o - melded +0 pair of boots
Stlth   ++                       (no amulet)
HPRegen 0.35/turn                w - ring of willpower
MPRegen 0.10/turn                (no ring)

@: brilliant, tree-form
A: stationary, stasis, torment immunity, boosted hp, (horns 2), (retaliatory
headbutt)
a: no special abilities


You were on level 5 of the Dungeon.
You were a tree.
You visited 1 branch of the dungeon, and saw 6 of its levels.

You collected 257 gold pieces.

Inventory:

Hand Weapons
 a - a +0 hand axe (weapon)
Armour
 b - a +0 robe
 d - a +0 ring mail
 o - a +0 pair of boots (melded)
 r - a +0 scale mail
 t - a +0 chain mail (melded)
Jewellery
 w - a ring of willpower (left branch)
 A - an amulet of reflection
Wands
 q - a wand of iceblast (4)
 H - a wand of mindburst (8)
Scrolls
 g - 2 scrolls of blinking {unknown}
 i - a scroll of enchant armour {unknown}
 k - a scroll of brand weapon {unknown}
 u - 2 scrolls of teleportation {unknown}
 v - 2 scrolls of fear {unknown}
 x - a scroll of fog {unknown}
 y - 2 scrolls of enchant weapon {unknown}
 B - a scroll of magic mapping {unknown}
 D - 2 scrolls of identify {unknown}
 G - a scroll of noise {unknown}
Potions
 f - a potion of resistance {unknown}
 h - 3 potions of degeneration
 j - a potion of might {unknown}
 l - a potion of brilliance
 n - a potion of haste {unknown}
 p - a potion of flight {unknown}
 s - a potion of attraction {unknown}
 z - a potion of heal wounds {unknown}
 C - a potion of magic {unknown}
 E - a potion of cancellation
 F - a potion of invisibility {unknown}


   Skills:
 + Level 5.3 Fighting
 * Level 3.9 Long Blades
 - Level 5.1 Axes
 + Level 3.6 Armour
 + Level 4.4 Dodging
 + Level 3.4 Stealth


You had 6 spell levels left.
You didn't know any spells.
Your spell library contained the following spells:

 Spells                   Type           Power      Damage    Failure   Level
 Apportation              Tloc           0%         N/A       47%         1
 Beastly Appendage        Tmut           0%         N/A       47%         1
 Freeze                   Ice            0%         1d3       47%         1
 Necrotise                Necr           0%         1d4       47%         1
 Sandblast                Erth           0%         2d4       47%         1
 Summon Small Mammal      Summ           0%         N/A       47%         1
 Passwall                 Tmut/Erth      0%         N/A       63%         2
 Sublimation of Blood     Necr           0%         N/A       63%         2
 Wereblood                Tmut           0%         N/A       63%         2
 Frozen Ramparts          Ice            0%         1d1       85%         3
 Hailstorm                Conj/Ice       0%         3d3       85%         3
 Ozocubu's Armour         Ice            0%         N/A       85%         3
 Spider Form              Tmut/Pois      0%         N/A       85%         3
 Stone Arrow              Conj/Erth      0%         3d7       85%         3
 Cause Fear               Hex            0%         N/A       99%         4
 Metabolic Englaciation   Hex/Ice        0%         N/A       100%        5
 Simulacrum               Ice/Necr       0%         N/A       100%        6
 Dragon Form              Tmut           0%         N/A       100%        7
 Summon Hydra             Summ           0%         N/A       100%        7
 Dragon's Call            Summ           0%         N/A       100%        9


Dungeon Overview and Level Annotations

Branches:
Dungeon (6/15)
 Temple: D:4-7

Altars:
Kikubaaqudgha
Trog
Zin

Shops:
D:3 [

Annotations:
D:3 1 runed translucent door, Crazy Yiuf


Innate Abilities, Weirdness & Mutations

You are a tree.
Your roots penetrate the ground, keeping you stationary.
You cannot be teleported.
You are immune to unholy pain and torment.
Your maximum health is greatly increased.
Your equipment is partially melded.
((You have a pair of horns on your head.))
((You reflexively headbutt those who attack you in melee.))


Message History

Really quaff the potion of lignification? [Y]es or [N]o only, please.
Really quaff the potion of lignification?
You turn into a tree.
Your +0 pair of boots melds into your body.
Your +0 chain mail melds into your body.
Your roots penetrate the ground.
The orc warrior hits you but does no damage.
The orc hits you but does no damage.
You feel better. The orc warrior completely misses you.
The orc hits you but does no damage.
It was a potion of brilliance.
You feel clever all of a sudden.
The orc warrior hits you but does no damage.
The orc hits you but does no damage.
You hit the orc.
You kill the orc!
You closely miss the orc warrior.
The orc warrior hits you with a +0 halberd.
* * * LOW HITPOINT WARNING * * *
You hit the orc priest.
The orc priest is heavily wounded.
You hit the orc warrior.
The orc warrior hits you but does no damage.
The orc priest hits you but does no damage.
You closely miss the orc priest.
The orc priest is heavily wounded.
You hit the orc warrior but do no damage.
The orc warrior hits you with a +0 halberd.
* * * LOW HITPOINT WARNING * * *
The orc priest looks encouraged for a moment.
You hit the orc priest but do no damage.
The orc priest is heavily wounded.
You closely miss the orc warrior.
The orc warrior hits you with a +0 halberd!
* * * LOW HITPOINT WARNING * * *
The orc priest casts a cantrip, but nothing happens.
The orc priest invokes the aid of Beogh against you.
Beogh smites you!
You die...

###...... ##.....
##.... ##....
##..... ##......
#####.......
#########...........
#..♣o#........#.....
####o.....##########
##...### #...# #...#
#...# ####...#
#.##o..# #.#.o..#


You could see an orc warrior and an orc priest.

Vanquished Creatures
  A phantom (D:5)
  2 kobold brigands (D:4)
  2 scorpions (D:4)
  A jelly (D:5)
  2 hounds (D:5)
  2 orc wizards (D:3)
  Jessica (D:3)
  2 iguanas
  2 adders
  5 worms
  A dart slug (D:1)
  9 orcs
  7 ball pythons
  2 endoplasms (D:1)
  3 giant cockroaches
  3 hobgoblins
  12 kobolds
  3 quokkas
  4 bats
  5 frilled lizards
  6 goblins
  5 rats
80 creatures vanquished.

Vanquished Creatures (others)
  A human (D:4)
1 creature vanquished.

Grand Total: 81 creatures vanquished

Notes
Turn   | Place    | Note
-------+----------+-------------------------------------------
     0 | D:1      | Anon1729 the Minotaur Monk began the quest for the Orb.
     0 | D:1      | Reached XP level 1. HP: 19/19 MP: 0/0
   290 | D:1      | Reached XP level 2. HP: 27/27 MP: 1/1
   857 | D:2      | Reached XP level 3. HP: 33/33 MP: 2/2
   945 | D:2      | Reached skill level 1 in Armour
  1382 | D:3      | Found a glowing silver altar of Zin.
  1574 | D:3      | Reached XP level 4. HP: 41/41 MP: 3/3
  1582 | D:3      | Reached skill level 5 in Axes
  1642 | D:3      | Noticed Jessica
  1648 | D:3      | Killed Jessica
  1649 | D:3      | Reached XP level 5. HP: 42/47 MP: 4/4
  1654 | D:3      | Found Jiducabb's Armour Shoppe.
  1829 | D:3      | Found a runed translucent door.
  1830 | D:3      | Noticed Crazy Yiuf
  2299 | D:4      | Reached skill level 1 in Long Blades
  2755 | D:4      | Reached XP level 6. HP: 54/55 MP: 5/5
  2812 | D:4      | Reached skill level 5 in Fighting
  3005 | D:4      | Found an ancient bone altar of Kikubaaqudgha.
  3006 | D:4      | Noticed a human
  3009 | D:4      | Killed a human
  3169 | D:4      | Found a bloodstained altar of Trog.
  3370 | D:5      | Entered Level 5 of the Dungeon
  3457 | D:5      | Noticed an orc warrior
  3461 | D:5      | Reached XP level 7. HP: 48/61 MP: 6/6
  4047 | D:5      | HP: 2/91 [orc warrior/+0 halberd (9)]
  4047 | D:5      | Killed from afar by an orc priest

Illustrated notes

Levels and vault maps discovered:
D:1:      giann_forest_graveyard, layout_basic, serial_forest,
          infiniplex_forest_straight_2, infiniplex_forest_lined_corner,
          infiniplex_forest_clump_medium, infiniplex_forest_clump_small,
          infiniplex_forest_end_3, infiniplex_forest_straight_2,
          infiniplex_forest_clump_small, minmay_misc_feat_nine_boxes,
          minivault_19
D:2:      layout_basic
D:3:      layout_loops_ring, mainiacjoe_overflow_tiny_flanked, serial_shops,
          shop_statue, uniq_crazy_yiuf_cottage, uniq_jessica
D:4:      cheibrodos_thug_alley, layout_loops_cross, tgw_kikubaaqudgha,
          trog_butcher_becter
D:5:      layout_layer_cave
D:6:      layout_gridville, okawaru_ov_weapons_minmay, hangedman_decor_push,
          roderic_batcave, minmay_misc_feat_columns,
          kennysheep_decorative_pillar, dreamdust_gnoll_farm

Skill      XL: |  1  2  3  4  5  6 |
---------------+-------------------+-----
Axes           | 4 5 |  5.1
Stealth        | 2 3 |  3.4
Fighting       | 4 5 |  5.3
Armour         | 1 2 3 |  3.6
Long Blades    | 2 3 |  3.9
Dodging        | 4 |  4.4

Action                     |  1- 3 |  4- 6 |  7- 9 || total
---------------------------+-------+-------+-------++-------
  Melee: Hand axe          |    87 |   128 |    25 ||   240
         Headbutt          |    13 |    22 |     5 ||    40
         Punch             |       |     2 |     1 ||     3
  Evoke: Wand              |       |       |     1 ||     1
    Use: Potion            |       |       |     8 ||     8
   Stab: Sleeping          |     1 |       |       ||     1
 Armour: Ring mail         |    10 |       |       ||    10
         Chain mail        |    14 |    56 |     9 ||    79
         Scale mail        |     3 |       |       ||     3
         Skin              |       |       |     9 ||     9
  Dodge: Dodged            |    44 |    37 |    14 ||    95

Table legend: (Time is in decaauts)
 A = Elapsed time spent in this place.
 B = Non-inter-level travel time spent in this place.
 C = Inter-level travel time spent in this place.
 D = Time resting spent in this place.
 E = Time spent auto-exploring this place.
 F = Levels seen in this place.
 G = Mean time per level.
                   A        B        C        D        E       F      G
               +--------+--------+--------+--------+--------+-----+--------+
         Total |   4065 |   3904 |    161 |    170 |   3094 |   6 |  677.5 |
       Dungeon |   4065 |   3904 |    161 |    170 |   3094 |   6 |  677.5 |
               +--------+--------+--------+--------+--------+-----+--------+

Top non-repeatable levels by time:
     D:4: 1150 daAuts
     D:3: 995 daAuts
     D:5: 674 daAuts
     D:1: 636 daAuts
     D:2: 605 daAuts
     D:6: 3 daAuts
